[Event "Titled Tuesday Blitz June 21 Late 2022"]
[White "Martin Carmona, Gaston Manuel"]
[Black "Rychkov, Roman"]
[WhiteFideId "22284567"]
[BlackFideId "30985595"]
[WhiteElo "2162"]
[BlackElo "2297"]
[Result "1-0"]
[Round "03"]
[TimeControl "180+1"]
[Date "2022.06.22"]
[WhiteClock "0:00:48"]
[BlackClock "0:00:03"]

1. d4 Nf6 2. c4 e6 3. Nf3 d5 4. g3 c6 5. Bg2 b5 6. c5 a5 7. b3 Ne4 8. O-O b4 9. Qc2 Nd7 10. Ne1 f5 11. f3 Nef6 12. Nd3 Ba6 13. Bf4 Be7 14. Ne5 O-O 15. Nxc6 Qe8 16. Nxa5 Nh5 17. Nc6 Nxf4 18. gxf4 Bh4 19. Nxb4 Nf6 20. Nd3 Nh5 21. e3 Qb5 22. Rd1 g5 23. Nc3 Qd7 24. fxg5 Qg7 25. f4 Bxg5 26. fxg5 Qxg5 27. Qf2 Kh8 28. Nf4 Rg8 29. Nxe6 Qh6 30. Nf4 Nf6 31. Ncxd5 Ne4 32. Qf3 Ng5 33. Qg3 Ne4 34. Qh3 Qg5 35. Nc7 Ra7 36. Nxa6 Rxa6 37. Qf3 Rh6 38. Rac1 Qh4 39. Nh3 Nf2 40. Nxf2 Qxh2+ 41. Kf1 Rg3 42. Qxg3 Qxg3 43. c6 Rh2 44. Ke2 Rxg2 45. Rf1 Qc7 46. Kd3 Rg3 47. b4 f4 48. Rfe1 fxe3 49. Rxe3 Rxe3+ 50. Kxe3 Kg7 51. Ne4 Kf8 52. d5 1-0


[Site "https://www.chess.com"]

[Event "Titled Tuesday Blitz June 21 Late 2022"]
[White "Martinez Alcantara, Jose Eduardo"]
[Black "Abarca Gonzalez, Nicolas"]
[WhiteFideId "3805662"]
[BlackFideId "3409422"]
[WhiteElo "2703"]
[BlackElo "2504"]
[Result "0-1"]
[Round "03"]
[TimeControl "180+1"]
[Date "2022.06.21"]
[WhiteClock "0:00:15"]
[BlackClock "0:00:01"]

1. e4 c5 2. Nf3 d6 3. c3 Nf6 4. h3 Nc6 5. Bd3 g6 6. Bc2 Bg7 7. d4 cxd4 8. cxd4 O-O 9. O-O e6 10. Nc3 a6 11. a3 b5 12. Be3 Bb7 13. Rc1 Na5 14. Nd2 Rc8 15. Bd3 d5 16. e5 Nd7 17. Nf3 Nb6 18. b3 f6 19. exf6 Bxf6 20. Ne2 Qe7 21. Rxc8 Rxc8 22. Qb1 Nc6 23. Re1 Nd7 24. Nf4 Nf8 25. b4 Nb8 26. Be2 Nbd7 27. Nd3 Nb6 28. Nc5 Nc4 29. Qb3 Rc6 30. Bd3 Bc8 31. Bb1 Qg7 32. Qd3 Nd7 33. Bf4 Qf7 34. Bg3 a5 35. Nxd7 Bxd7 36. bxa5 Ra6 37. Ne5 Bxe5 38. Bxe5 Rxa5 39. Qc3 Rxa3 40. Qb4 Ra4 41. Qc5 Qf8 42. Qc7 Qc8 43. Qxc8+ Bxc8 44. Bf4 b4 45. Bc2 Ra2 46. Bb3 Ra3 47. Rb1 Na5 48. Bd1 Nc6 49. Bd6 Ra6 50. Bc5 Ra5 51. f4 Ba6 52. Bg4 Kf7 53. Re1 Bc8 54. Rb1 Ba6 55. Re1 Bc8 56. Kh2 Ra2 57. Rb1 h5 58. Bf3 Ba6 59. f5 Bd3 60. fxe6+ Kxe6 61. Re1+ Be4 62. Re3 Rc2 63. Rxe4+ dxe4 64. Bxe4 b3 65. d5+ Ke5 66. Bxc2 bxc2 67. Ba3 Kxd5 68. Kg3 Ke4 69. Kh4 Kf5 70. Kg3 Nd4 71. Kf2 Nb3 72. Ke3 c1=Q+ 73. Bxc1 Nxc1 74. Kf3 Nd3 75. g4+ hxg4+ 76. hxg4+ Kg5 77. Ke4 Nf2+ 78. Kf3 Nxg4 79. Kg3 Ne5 80. Kg2 Kf5 81. Kg1 g5 82. Kf1 g4 83. Ke1 Kf4 84. Kd1 g3 85. Ke1 Ng4 86. Kf1 Kf3 87. Kg1 Ne5 88. Kh1 g2+ 89. Kg1 Nd3 90. Kh2 Kf2 91. Kh3 g1=R 92. Kh4 Kf3 93. Kh5 Kf4 94. Kh6 Kf5 95. Kh7 Kf6 96. Kh6 Rh1# 0-1


[Site "https://www.chess.com"]

[Event "Titled Tuesday Blitz June 21 Late 2022"]
[White "Martinez Reyes, Pedro Ramon"]
[Black "Kanyamarala, Trisha"]
[WhiteFideId "3901807"]
[BlackFideId "45004722"]
[WhiteElo "2410"]
[BlackElo "2134"]
[Result "1-0"]
[Round "03"]
[TimeControl "180+1"]
[Date "2022.06.22"]
[WhiteClock "0:01:22"]
[BlackClock "0:00:01"]

1. d3 d5 2. e4 dxe4 3. dxe4 Qxd1+ 4. Kxd1 e5 5. c3 Bc5 6. f3 Nf6 7. Bc4 O-O 8. Ne2 Rd8+ 9. Kc2 a6 10. a4 Nc6 11. Bg5 Be7 12. Nd2 Bd7 13. Nb3 b5 14. axb5 axb5 15. Bd3 b4 16. Bc4 bxc3 17. bxc3 h6 18. Be3 Ne8 19. Rhd1 Nd6 20. Bd5 Rab8 21. Ra6 Nb5 22. Nc5 Bxc5 23. Bxc5 Ra8 24. Rda1 Rxa6 25. Rxa6 Nb8 26. Ra5 c6 27. Bc4 Nc7 28. Bd6 Ne6 29. Bxe5 Rc8 30. Nd4 c5 31. Nf5 Nc6 32. Ra3 Nxe5 33. Ne7+ Kf8 34. Nxc8 Bxc8 35. Bd5 Bd7 36. Ra7 Nf4 37. g3 Nxd5 38. exd5 Bf5+ 39. Kb3 Nxf3 40. Kc4 Nd2+ 41. Kxc5 Ne4+ 42. Kd4 Nd2 43. c4 Nb3+ 44. Ke5 g6 45. Kf6 Ke8 46. Rc7 Nd4 47. Re7+ Kd8 48. Rxf7 Ne2 49. Ra7 1-0


[Site "https://www.chess.com"]

[Event "Titled Tuesday Blitz June 21 Late 2022"]
[White "Mei, Austin"]
[Black "Petrovic, Aleksa"]
[WhiteFideId "30948479"]
[BlackFideId "967629"]
[WhiteElo "1936"]
[BlackElo "2117"]
[Result "0-1"]
[Round "03"]
[TimeControl "180+1"]
[Date "2022.06.22"]
[WhiteClock "0:00:11"]
[BlackClock "0:00:07"]

1. e4 e6 2. d4 d5 3. e5 c5 4. c3 Qb6 5. Nf3 Nc6 6. Bd3 Bd7 7. dxc5 Bxc5 8. O-O Qc7 9. b4 Bb6 10. Re1 Nge7 11. a4 a5 12. b5 Na7 13. Ba3 Bc5 14. Bxc5 Qxc5 15. Nd4 Nac8 16. Qg4 Ng6 17. h4 Kf8 18. h5 Nge7 19. Ra2 Ng8 20. f4 Nh6 21. Qh4 Ne7 22. g4 Rc8 23. Rf2 Qb6 24. Nb3 Qd8 25. Kf1 b6 26. Nd4 Neg8 27. Qg3 Ne7 28. f5 Ke8 29. f6 gxf6 30. exf6 Qc7 31. Qxc7 Rxc7 32. fxe7 Nxg4 33. Rg2 e5 34. Nf5 Bxf5 35. Bxf5 Nh6 36. Bc2 Rxe7 37. Bb3 d4 38. cxd4 exd4 39. Rge2 Rxe2 40. Rxe2+ Kd7 41. Rd2 Nf5 42. Bc2 Ne3+ 43. Ke2 Ke6 44. Bb3+ Ke5 45. Na3 Rc8 46. Nc2 Rc3 47. Nxd4 Ng4 48. Bxf7 Re3+ 49. Kd1 Kf4 50. Ne6+ Kg3 51. Ng5 Ne5 52. Bd5 Kh4 53. Rh2+ Kxg5 54. Bg8 Ng4 55. Rd2 Ra3 56. Rd5+ Kf4 57. Bxh7 Ne3+ 58. Ke2 Nxd5 59. Bg8 Nf6 60. h6 Rh3 61. h7 Nxh7 62. Bd5 Nf6 63. Bc6 Rh2+ 64. Kd3 Ke5 65. Kc3 Kd6 66. Kd4 Nd7 67. Ke4 Nc5+ 68. Kf5 Rb2 69. Kf6 Rb4 70. Kf7 Nxa4 71. Ke8 Nc5 72. Kd8 a4 73. Kc8 a3 74. Kb8 a2 75. Bd5 a1=Q 76. Bg2 Qh8+ 77. Ka7 Ra4+ 78. Kxb6 Qd8# 0-1


[Site "https://www.chess.com"]

[Event "Titled Tuesday Blitz June 21 Late 2022"]
[White "Melikhov, Evgeny V."]
[Black "Al-Tarboush, Ward"]
[WhiteFideId "4122046"]
[BlackFideId "7601450"]
[WhiteElo "1904"]
[BlackElo "2249"]
[Result "1-0"]
[Round "03"]
[TimeControl "180+1"]
[Date "2022.06.22"]
[WhiteClock "0:00:32"]
[BlackClock "0:00:01"]

1. d4 b6 2. c4 Bb7 3. Nc3 Nf6 4. d5 e6 5. e4 Bb4 6. Bd3 Na6 7. Ne2 Nc5 8. f3 e5 9. a3 Bxc3+ 10. Nxc3 a5 11. Bc2 O-O 12. Be3 d6 13. b4 axb4 14. axb4 Na6 15. Rb1 Nh5 16. Qd2 g6 17. O-O f5 18. exf5 gxf5 19. Bxf5 Rxf5 20. g4 Rf7 21. gxh5 Kh8 22. Kh1 Qh4 23. Ne4 Qxh5 24. Ng5 Rf5 25. Ne6 Rg8 26. f4 Qh6 27. Rg1 Qxe6 28. Rxg8+ Qxg8 29. Rg1 Qf7 30. fxe5 dxe5 31. Bh6 Rf2 32. Bg7+ Qxg7 33. Qxf2 Qe7 34. Qg3 Bxd5+ 35. cxd5 1-0


[Site "https://www.chess.com"]

[Event "Titled Tuesday Blitz June 21 Late 2022"]
[White "Melikyan, Gnel"]
[Black "Tymrakiewicz, Rafal"]
[WhiteFideId "54109990"]
[BlackFideId "1108832"]
[WhiteElo "1772"]
[BlackElo "2205"]
[Result "1/2-1/2"]
[Round "03"]
[TimeControl "180+1"]
[Date "2022.06.22"]
[WhiteClock "0:00:28"]
[BlackClock "0:00:06"]

1. e4 Nf6 2. e5 Nd5 3. Nc3 Nxc3 4. bxc3 d5 5. f4 c5 6. d4 Nc6 7. Nf3 Bg4 8. Rb1 Rb8 9. Be3 Qa5 10. Bb5 Qc7 11. O-O e6 12. dxc5 Be7 13. Bxc6+ bxc6 14. Rxb8+ Qxb8 15. Qb1 Kd7 16. Qb3 Bxf3 17. gxf3 Qb5 18. a4 Qa5 19. Rb1 Rc8 20. Qb4 Qa6 21. Qb7+ Qxb7 22. Rxb7+ Rc7 23. Rb4 Kc8 24. Kf2 Rb7 25. Ke2 Bd8 26. Kd3 Ba5 27. Rxb7 Kxb7 28. c4 dxc4+ 29. Kxc4 Be1 30. c3 Ka6 31. Kb4 Bh4 32. Bd2 Bd8 33. Kb3 Ba5 34. Kc4 Bc7 35. Kb3 Ka5 36. h4 h5 37. Be1 Bd8 38. c4+ Ka6 39. Kc2 Ba5 40. Bxa5 Kxa5 41. Kb3 Ka6 42. Kb4 Kb7 43. Ka5 Kc7 44. Ka6 Kb8 45. Ka5 Kb7 46. Kb4 Ka6 47. Kc3 Ka5 48. Kb3 Ka6 49. Ka3 Kb7 50. Kb3 Ka6 1/2-1/2


[Site "https://www.chess.com"]

[Event "Titled Tuesday Blitz June 21 Late 2022"]
[White "Mendonca, Leon Luke"]
[Black "Grischuk, Alexander"]
[WhiteFideId "35028561"]
[BlackFideId "4126025"]
[WhiteElo "2152"]
[BlackElo "2762"]
[Result "0-1"]
[Round "03"]
[TimeControl "180+1"]
[Date "2022.06.21"]
[WhiteClock "0:00:03"]
[BlackClock "0:00:39"]

1. Nf3 d5 2. e3 c5 3. c4 d4 4. exd4 cxd4 5. d3 Nc6 6. g3 e5 7. Bg2 Bd6 8. O-O Nge7 9. a3 a5 10. Nbd2 O-O 11. Re1 f6 12. Rb1 a4 13. b4 axb3 14. Rxb3 Kh8 15. Qc2 b6 16. Ne4 Bc7 17. c5 Be6 18. Rb1 Bd5 19. cxb6 Bxb6 20. Nfd2 f5 21. Ng5 Ba5 22. Re2 Bxg2 23. Kxg2 Qd5+ 24. Ngf3 Bxd2 25. Bxd2 Rxa3 26. Qc4 Qxc4 27. dxc4 e4 28. Ng5 Ra2 29. Rd1 h6 30. Ne6 Rf6 31. Nf4 g5 0-1


[Site "https://www.chess.com"]

[Event "Titled Tuesday Blitz June 21 Late 2022"]
[White "Mikhalsky, Vladimir"]
[Black "Arabidze, Meri"]
[WhiteFideId "14144352"]
[BlackFideId "13604040"]
[WhiteElo "2301"]
[BlackElo "2335"]
[Result "0-1"]
[Round "03"]
[TimeControl "180+1"]
[Date "2022.06.22"]
[WhiteClock "0:00:16"]
[BlackClock "0:00:26"]

1. c4 f5 2. b3 Nf6 3. Bb2 g6 4. Bxf6 exf6 5. Nc3 Bd6 6. Nf3 O-O 7. Qc2 b6 8. h4 h5 9. e4 Re8 10. O-O-O fxe4 11. Nxe4 Ba3+ 12. Kb1 f5 13. Nc3 Bb7 14. Nb5 Bf8 15. d4 Na6 16. Rh3 Be4 17. Bd3 Nb4 18. Qc3 Nxd3 19. Rxd3 a6 20. Rg3 axb5 21. Rxg6+ Bg7 22. cxb5 Qe7 23. Nd2 Bxd3+ 24. Qxd3 Qe2 25. Qc3 Qd1+ 26. Kb2 Re2 27. Qc4+ Kh7 0-1


[Site "https://www.chess.com"]

[Event "Titled Tuesday Blitz June 21 Late 2022"]
[White "Mortazavi, Ali"]
[Black "Alexiadis, Hristos"]
[WhiteFideId "401323"]
[BlackFideId "4249623"]
[WhiteElo "2339"]
[BlackElo "2416"]
[Result "0-1"]
[Round "03"]
[TimeControl "180+1"]
[Date "2022.06.22"]
[WhiteClock "0:01:14"]
[BlackClock "0:02:02"]

1. Nf3 Nf6 2. g3 d5 3. Bg2 c6 4. O-O Bg4 5. d3 Nbd7 6. c4 dxc4 7. dxc4 e5 8. Nc3 Be7 9. Qc2 O-O 10. h3 Bh5 11. Nh4 Qc7 12. b3 Nc5 13. Nf5 Ne6 14. Nxe7+ Qxe7 15. e3 Rae8 16. Bb2 Ng5 17. g4 Bg6 18. Qe2 e4 19. h4 Nf3+ 20. Bxf3 exf3 21. Qxf3 h5 22. g5 Ne4 23. Rad1 Qe6 24. Nxe4 Bxe4 25. Qg3 Qg6 26. Rd6 Re6 27. Rfd1 Rfe8 28. Qf4 Bf5 29. Kh2 Bg4 30. f3 Rxd6 31. Rxd6 Qc2+ 32. Kg3 Qxb2 33. fxg4 Qe2 34. Qf2 Rxe3+ 35. Kg2 Qxg4+ 36. Kf1 Rf3 0-1


[Site "https://www.chess.com"]

[Event "Titled Tuesday Blitz June 21 Late 2022"]
[White "Moussard, Jules"]
[Black "Roberson, Peter T"]
[WhiteFideId "642908"]
[BlackFideId "412384"]
[WhiteElo "2589"]
[BlackElo "2346"]
[Result "1-0"]
[Round "03"]
[TimeControl "180+1"]
[Date "2022.06.21"]
[WhiteClock "0:00:48"]
[BlackClock "0:00:01"]

1. f4 g6 2. Nf3 Bg7 3. e4 c5 4. c3 Nc6 5. d4 cxd4 6. cxd4 d5 7. e5 Nh6 8. Nc3 Bg4 9. Be3 Nf5 10. Bf2 Bxf3 11. Qxf3 Nfxd4 12. Qd1 Ne6 13. g3 d4 14. Ne4 Qa5+ 15. Qd2 Qxd2+ 16. Kxd2 f6 17. Bc4 Ncd8 18. exf6 exf6 19. Rhe1 Kd7 20. Rac1 a6 21. Bd5 f5 22. Nc5+ Nxc5 23. Rxc5 Rc8 24. Rxc8 Kxc8 25. Kd3 Kd7 26. Bxd4 Bxd4 27. Kxd4 Re8 28. Rxe8 Kxe8 29. Kc5 Kd7 30. Kb6 Kc8 31. b4 h6 32. h4 Kb8 33. a4 Kc8 34. b5 axb5 35. axb5 Kb8 36. Bg8 Kc8 37. Bh7 Ne6 38. Bxg6 Nd4 39. Kc5 Ne2 40. Bxf5+ Kc7 41. b6+ Kb8 42. Bg4 Nxg3 43. Kd4 Nf1 44. Kd3 Nh2 45. Be2 Kc8 46. Kd4 Kd7 47. Kd5 h5 48. f5 Ke7 49. Ke5 Kf7 50. Bxh5+ Kf8 51. Be2 Kg7 52. f6+ Kg6 53. h5+ Kh6 54. Ke6 1-0


[Site "https://www.chess.com"]

[Event "Titled Tuesday Blitz June 21 Late 2022"]
[White "Muradov, Soltan"]
[Black "Tologon tegin, Semetei"]
[WhiteFideId "14002108"]
[BlackFideId "13800574"]
[WhiteElo "1854"]
[BlackElo "2174"]
[Result "0-1"]
[Round "03"]
[TimeControl "180+1"]
[Date "2022.06.22"]
[WhiteClock "0:00:08"]
[BlackClock "0:01:12"]

1. d4 d5 2. Nf3 e6 3. Bg5 Nf6 4. e3 Be7 5. Nbd2 O-O 6. Bd3 Nbd7 7. c4 c5 8. cxd5 Nxd5 9. Bxe7 Qxe7 10. O-O cxd4 11. Nxd4 N7f6 12. Rc1 e5 13. Nf5 Bxf5 14. Bxf5 Rfd8 15. Qb3 g6 16. Bh3 Nf4 17. exf4 Rxd2 18. fxe5 Qxe5 19. Qxb7 Rad8 20. Rc7 Rxf2 21. Kxf2 Ne4+ 22. Kg1 Qd4+ 23. Kh1 Nf2+ 24. Kg1 Nxh3+ 25. Kh1 Qg1+ 26. Rxg1 Nf2# 0-1


[Site "https://www.chess.com"]

[Event "Titled Tuesday Blitz June 21 Late 2022"]
[White "Nathan, Nitish"]
[Black "Sibilio, Mario"]
[WhiteFideId "30927870"]
[BlackFideId "800422"]
[WhiteElo "2255"]
[BlackElo "2296"]
[Result "0-1"]
[Round "03"]
[TimeControl "180+1"]
[Date "2022.06.22"]
[WhiteClock "0:01:20"]
[BlackClock "0:00:43"]

1. d4 Nf6 2. Bf4 c5 3. e3 Qb6 4. b3 g6 5. Nf3 Bg7 6. c3 d6 7. Be2 O-O 8. O-O Bg4 9. h3 Bxf3 10. Bxf3 Nbd7 11. Nd2 Rac8 12. Nc4 Qc7 13. e4 b5 14. Ne3 cxd4 15. cxd4 e5 16. dxe5 dxe5 17. Bg3 Rfd8 18. Qe2 a6 19. a4 Nc5 20. axb5 Nxb3 21. Rxa6 Nd2 22. Rfa1 Ndxe4 23. Bxe4 Nxe4 24. Qf3 Nxg3 25. Ra7 e4 26. Rxc7 exf3 27. Rac1 Ne2+ 0-1


[Site "https://www.chess.com"]

[Event "Titled Tuesday Blitz June 21 Late 2022"]
[White "Nilsen, Tobias Lang"]
[Black "Kupervaser, Erez"]
[WhiteFideId "1521624"]
[BlackFideId "2814587"]
[WhiteElo "2014"]
[BlackElo "1832"]
[Result "1-0"]
[Round "03"]
[TimeControl "180+1"]
[Date "2022.06.22"]
[WhiteClock "0:00:09"]
[BlackClock "0:00:01"]

1. f4 e5 2. fxe5 d6 3. Nf3 Nc6 4. e4 dxe5 5. Bc4 Bc5 6. Qe2 Nf6 7. Bxf7+ Kf8 8. Bb3 Qe7 9. d3 Bg4 10. c3 Rd8 11. Bg5 Ke8 12. h3 Be6 13. Nbd2 Kd7 14. O-O-O Kc8 15. Rhf1 Rd7 16. Nc4 h6 17. Bh4 Bxc4 18. Bxc4 Na5 19. Bb5 Rd6 20. d4 exd4 21. cxd4 Rb6 22. dxc5 Qxc5+ 23. Kb1 Qxb5 24. Qxb5 Rxb5 25. e5 Nd5 26. a4 Nc3+ 27. Kc1 Nxd1 28. axb5 Ne3 29. Rf2 Re8 30. Re2 Nf5 31. Be1 Nc4 32. b3 Nb6 33. Kc2 Nd5 34. g3 g5 35. Kd3 Kd7 36. Ke4 Ke6 37. g4 Nfe7 38. Nd4+ Kd7 39. Nf5 Nf4 40. Rd2+ Kc8 41. Nxh6 Neg6 42. Nf7 b6 43. Kf5 Re7 44. e6 Rxe6 45. Rd8+ Kb7 46. Rg8 Ne7+ 47. Kxg5 Nxg8 48. Nd8+ Kc8 49. Nxe6 Nxe6+ 50. Kf5 Nd4+ 51. Kg6 Nxb5 52. Bh4 Kd7 53. Bg5 Ke6 54. h4 Nd6 55. h5 Nf7 56. Bd2 Ne7+ 57. Kg7 a5 58. g5 b5 59. h6 a4 60. bxa4 bxa4 61. h7 Nf5+ 62. Kg6 a3 63. Bc3 a2 64. Kh5 c5 65. g6 1-0


[Site "https://www.chess.com"]

[Event "Titled Tuesday Blitz June 21 Late 2022"]
[White "Novikova, Galina"]
[Black "Gardezi, Arsal"]
[WhiteFideId "4157095"]
[BlackFideId "30949521"]
[WhiteElo "1863"]
[BlackElo "1781"]
[Result "1/2-1/2"]
[Round "03"]
[TimeControl "180+1"]
[Date "2022.06.22"]
[WhiteClock "0:00:45"]
[BlackClock "0:00:13"]

1. e4 e5 2. Nf3 Nc6 3. d4 exd4 4. Nxd4 Bc5 5. Nb3 Bb6 6. Nc3 Nf6 7. Qe2 O-O 8. Be3 d5 9. O-O-O Qe7 10. exd5 Bg4 11. f3 Qxe3+ 12. Qxe3 Bxe3+ 13. Kb1 Bxf3 14. gxf3 Ne7 15. d6 cxd6 16. Rxd6 Nf5 17. Rd1 Rad8 18. Bd3 Nd4 19. Nxd4 Bxd4 20. Ne4 Nxe4 21. fxe4 g6 22. h4 h5 23. Rhf1 Kh7 24. Bc4 Kg7 25. c3 Bf6 26. Rxd8 Rxd8 27. e5 Bxe5 28. Rxf7+ Kh6 29. Rxb7 Bb8 30. b4 g5 31. hxg5+ Kxg5 32. a4 h4 33. Be6 Kf4 34. Kc2 Kg3 35. Rg7+ Kh2 36. Rh7 Kg3 37. c4 Re8 38. Bd7 Rf8 39. c5 Rf4 40. Kb3 Rf3+ 41. Kc4 Bf4 42. c6 Rf1 43. b5 Rc1+ 44. Kd5 Rd1+ 45. Ke6 h3 46. Rg7+ Kf2 47. Rh7 h2 48. Kf5 Bc7 49. a5 h1=Q 50. Rxh1 Rxh1 51. b6 axb6 52. a6 Ra1 53. Bc8 b5 54. Bb7 b4 55. Ke6 b3 56. Kd7 b2 57. Kxc7 b1=Q 58. Kd7 Qh7+ 59. Kc8 Rg1 60. Kb8 Rg8+ 61. Ka7 Qc7 1/2-1/2


[Site "https://www.chess.com"]

[Event "Titled Tuesday Blitz June 21 Late 2022"]
[White "Pakleza, Zbigniew"]
[Black "Oparin, Grigoriy"]
[WhiteFideId "1119290"]
[BlackFideId "24125890"]
[WhiteElo "2467"]
[BlackElo "2639"]
[Result "1/2-1/2"]
[Round "03"]
[TimeControl "180+1"]
[Date "2022.06.21"]
[WhiteClock "0:00:29"]
[BlackClock "0:01:44"]

1. d4 Nf6 2. Nf3 g6 3. Bf4 Bg7 4. e3 O-O 5. Be2 c5 6. c3 Qb6 7. Qb3 cxd4 8. Qxb6 axb6 9. exd4 d6 10. Nbd2 Be6 11. a3 Nc6 12. O-O Na5 13. Rfe1 Rfe8 14. h3 Nb3 15. Nxb3 Bxb3 16. Nd2 Bd5 17. Bf3 Bxf3 18. Nxf3 b5 19. Rad1 Nd5 20. Bc1 h6 21. Kf1 f5 22. g4 e6 23. Kg2 Kf7 24. Re2 Re7 25. Rde1 Rae8 26. Rd1 Nb6 27. Ne1 Nd5 28. Nd3 g5 29. f4 Bf6 30. Kf3 Kg6 31. Rg1 Rf8 32. gxf5+ exf5 33. Rxe7 Bxe7 34. fxg5 hxg5 35. Bxg5 Bxg5 36. h4 Rh8 37. Rxg5+ Kf6 38. Kg3 Re8 39. Nf4 Nxf4 40. Kxf4 Re4+ 41. Kg3 Re2 42. Rh5 Kg6 43. Rg5+ Kf6 44. Rh5 Kg6 45. Rg5+ Kf6 1/2-1/2


[Site "https://www.chess.com"]

[Event "Titled Tuesday Blitz June 21 Late 2022"]
[White "Papp, Levente"]
[Black "Vu, Bui Thi Thanh Van"]
[WhiteFideId "751243"]
[BlackFideId "12408921"]
[WhiteElo "2308"]
[BlackElo "1602"]
[Result "1-0"]
[Round "03"]
[TimeControl "180+1"]
[Date "2022.06.22"]
[WhiteClock "0:00:57"]
[BlackClock "0:00:59"]

1. c4 f5 2. g3 Nf6 3. Bg2 e6 4. Nf3 Be7 5. O-O O-O 6. d3 d6 7. Nc3 e5 8. Qc2 Nc6 9. Nd5 Be6 10. e4 Rc8 11. Bh3 Qd7 12. Ng5 Nd4 13. Qd1 c6 14. Nxe6 Qxe6 15. exf5 Qf7 16. Nxe7+ Qxe7 17. Be3 c5 18. Bxd4 exd4 19. Bg2 a6 20. Qb3 Rb8 21. Rae1 Qd7 22. Re6 Ng4 23. Qb6 Rfd8 24. Bd5 Kf8 25. Rfe1 Ne5 26. R1xe5 dxe5 27. Qxc5+ Kg8 28. Re8# 1-0


[Site "https://www.chess.com"]

[Event "Titled Tuesday Blitz June 21 Late 2022"]
[White "Pappelis, Dimitrios"]
[Black "Zhurbinsky, David"]
[WhiteFideId "4215281"]
[BlackFideId "2072904"]
[WhiteElo "1998"]
[BlackElo "2544"]
[Result "0-1"]
[Round "03"]
[TimeControl "180+1"]
[Date "2022.06.22"]
[WhiteClock "0:00:08"]
[BlackClock "0:00:07"]

1. d4 Nf6 2. Nf3 e6 3. c4 Bb4+ 4. Nc3 O-O 5. e3 d6 6. Bd3 Nbd7 7. Bd2 e5 8. Bc2 Qe7 9. a3 Bxc3 10. Bxc3 a5 11. O-O b6 12. b4 Bb7 13. d5 axb4 14. axb4 b5 15. Bb3 Rxa1 16. Bxa1 bxc4 17. Bxc4 Nb6 18. Bb3 Nfxd5 19. Qd2 Kh8 20. Bb2 f5 21. Rc1 f4 22. e4 Nf6 23. Qc2 Na8 24. Ng5 h6 25. Ne6 Bxe4 26. Qe2 Rb8 27. Bc3 Bd5 28. Nxf4 Bf7 29. Bxf7 Qxf7 30. Nd3 Nb6 31. b5 Nbd5 32. Ba1 Qg6 33. g3 e4 34. Ne1 Nf4 35. Qe3 N6d5 36. Qd4 Ne2+ 37. Kf1 Nxd4 38. Bxd4 Rxb5 39. Ng2 c5 40. Ba1 Ra5 41. Nh4 Qf7 42. Bb2 Ne3+ 43. Ke2 Ng4 44. f4 exf3+ 45. Kf1 Ra2 46. Bc3 Qc4+ 47. Kg1 Qxc3 48. Rxc3 Ra1+ 0-1


[Site "https://www.chess.com"]

[Event "Titled Tuesday Blitz June 21 Late 2022"]
[White "Paravyan, David"]
[Black "Lamaze, Simon"]
[WhiteFideId "4194985"]
[BlackFideId "36069264"]
[WhiteElo "2569"]
[BlackElo "2090"]
[Result "1-0"]
[Round "03"]
[TimeControl "180+1"]
[Date "2022.06.21"]
[WhiteClock "0:02:47"]
[BlackClock "0:02:01"]

1. e4 c5 2. Nf3 Nc6 3. d4 cxd4 4. Nxd4 Nf6 5. Nc3 d6 6. Bg5 e6 7. Qd2 a6 8. Nxc6 bxc6 9. O-O-O Be7 10. Bxf6 gxf6 11. Bc4 Bb7 12. Rhe1 Qa5 13. Kb1 Rb8 14. Bb3 h5 15. f4 Qb4 16. f5 e5 17. Qe3 Qa5 18. Qg3 Bf8 19. Qh4 Bg7 20. Rxd6 1-0


[Site "https://www.chess.com"]

[Event "Titled Tuesday Blitz June 21 Late 2022"]
[White "Peatman, Carter"]
[Black "Adla, Diego"]
[WhiteFideId "2096480"]
[BlackFideId "100072"]
[WhiteElo "2475"]
[BlackElo "2377"]
[Result "0-1"]
[Round "03"]
[TimeControl "180+1"]
[Date "2022.06.22"]
[WhiteClock "0:00:01"]
[BlackClock "0:00:02"]

1. d4 Nf6 2. Bf4 e6 3. e3 b6 4. Nf3 Bb7 5. h3 Be7 6. Be2 c5 7. O-O cxd4 8. exd4 O-O 9. c3 d6 10. Bh2 Nbd7 11. Nbd2 Qc7 12. a4 a6 13. Re1 Rfe8 14. Nc4 Bf8 15. Nfd2 Rad8 16. Bf3 Bc6 17. Qb3 Bxf3 18. Nxf3 Rc8 19. Ne3 Qb7 20. Nd2 e5 21. Nec4 exd4 22. cxd4 Rxe1+ 23. Rxe1 Qd5 24. Ne3 Qxb3 25. Nxb3 d5 26. Rd1 a5 27. Nd2 Bb4 28. Nf3 g6 29. Ne5 Nf8 30. N5g4 Nxg4 31. Nxg4 Ne6 32. Ne5 Rc2 33. Bg3 Rxb2 34. Nd7 h5 35. Nxb6 Ra2 36. Nxd5 Rxa4 37. Nf6+ Kf8 0-1


[Site "https://www.chess.com"]

[Event "Titled Tuesday Blitz June 21 Late 2022"]
[White "Pesotskiy, Mikhail"]
[Black "Stanisz, Patryk"]
[WhiteFideId "34164453"]
[BlackFideId "1123106"]
[WhiteElo "2010"]
[BlackElo "1833"]
[Result "1-0"]
[Round "03"]
[TimeControl "180+1"]
[Date "2022.06.22"]
[WhiteClock "0:00:28"]
[BlackClock "0:00:19"]

1. d4 c6 2. c4 d5 3. Nf3 Nf6 4. Nbd2 e6 5. e3 Bd6 6. b3 O-O 7. Bb2 Re8 8. Bd3 b6 9. O-O Bb7 10. Ne5 c5 11. f4 g6 12. Qf3 cxd4 13. exd4 Nc6 14. Qh3 Bf8 15. Rad1 Bg7 16. Ndf3 h6 17. Nh4 Nxe5 18. fxe5 Ne4 19. Nf3 Ng5 20. Nxg5 Qxg5 21. Bc1 Qd8 22. Bxh6 dxc4 23. Bxg7 Qxd4+ 24. Kh1 Kxg7 25. Bxg6 Bxg2+ 26. Kxg2 Qb2+ 27. Rf2 Qxf2+ 28. Kxf2 Rh8 29. Qg4 1-0


[Site "https://www.chess.com"]

[Event "Titled Tuesday Blitz June 21 Late 2022"]
[White "Postnikov, Daniil"]
[Black "Christiansen, Johan-Sebastian"]
[WhiteFideId "4166329"]
[BlackFideId "1512668"]
[WhiteElo "2261"]
[BlackElo "2513"]
[Result "0-1"]
[Round "03"]
[TimeControl "180+1"]
[Date "2022.06.22"]
[WhiteClock "0:00:03"]
[BlackClock "0:01:10"]

1. e4 e5 2. Nf3 Nc6 3. Nc3 Nf6 4. Bb5 Bd6 5. a3 O-O 6. d3 Nd4 7. Bc4 h6 8. g4 Nh7 9. h4 Kh8 10. g5 h5 11. Nxd4 exd4 12. Ne2 c5 13. f4 Bc7 14. f5 d5 15. Ba2 dxe4 16. dxe4 Qe7 17. Qd3 Re8 18. Rf1 Qxe4 19. Bxf7 Qxh4+ 20. Kd1 Re7 21. Bg6 Nxg5 22. Bf4 Bxf4 23. Nxf4 Qg4+ 24. Kc1 Re3 25. Qb5 Bxf5 26. Bxf5 Qxf5 27. Kb1 Nf3 28. Ka2 Qxf4 0-1


[Site "https://www.chess.com"]

[Event "Titled Tuesday Blitz June 21 Late 2022"]
[White "Prieto Aranguren, Alain"]
[Black "Navarrete Mendez, Gonzalo Alberto"]
[WhiteFideId "2268906"]
[BlackFideId "5106850"]
[WhiteElo "2224"]
[BlackElo "2261"]
[Result "0-1"]
[Round "03"]
[TimeControl "180+1"]
[Date "2022.06.22"]
[WhiteClock "0:01:24"]
[BlackClock "0:01:31"]

1. d4 d5 2. c4 dxc4 3. e3 Nc6 4. Bxc4 e5 5. Nf3 e4 6. Nfd2 Qg5 7. Bf1 Nf6 8. Nc3 Bf5 9. Qb3 O-O-O 10. Nc4 h5 11. Bd2 Ng4 12. Rc1 Qh4 13. g3 Qf6 14. Bg2 h4 15. h3 Nxf2 16. Kxf2 Bxh3+ 17. Kg1 Bxg2 18. Kxg2 Qf3+ 19. Kg1 hxg3 20. Rxh8 Qf2+ 21. Kh1 g2+ 22. Kh2 g1=Q+ 23. Kh3 Qfg3# 0-1


[Site "https://www.chess.com"]